Map: Lightshade LE

Players

Serral

  • Race: Zerg Zerg
  • League: Master
  • Spawn Location: 11:00

LiquidClem (Clem) - Winner!

  • Race: Terran Terran
  • League: Grandmaster
  • Spawn Location: 5:00

Event: DreamHack SC2 Masters 2020 Winter

VOD

Have the link to the VOD?

Description

Time

  • Played on: Nov. 8, 2020, 12:54 p.m.
  • Length: 22:35

All games in this series

Show
View Real Time Build Order
Export as new Build Order

Serral Zerg 

Build Orders: Hatch First 

Get SALT Encoding   

  12  0:00  Drone  
  13  0:11  Overlord  
  13  0:16  Drone  
  14  0:30  Drone x2  
  16  0:47  Hatchery  
  15  0:51  Drone  
  15  0:54  Drone  
  17  0:57  Drone  
  18  1:09  Extractor  
  17  1:12  Spawning Pool  
  17  1:16  Drone  
  17  1:19  Drone  
  18  1:27  Drone  
  19  1:38  Drone  
  20  1:49  Drone  
  21  1:59  Queen x2  
  21  2:00  Zergling x4  
  27  2:11  Overlord, Drone  
  27  2:12  Metabolic Boost  
  28  2:29  Hatchery  
  27  2:31  Drone  
  27  2:34  Spore Crawler  
  27  2:36  Drone  
  29  2:38  Drone  
  29  2:42  Drone  
  30  2:46  Queen  
  32  2:52  Overlord  
  32  2:55  Drone  
  32  2:57  Drone  
  35  2:58  Drone  
  35  3:13  Overlord, Drone x4  
  35  3:17  Drone  
  40  3:21  Queen, Drone  
  43  3:31  Queen  
  43  3:32  Overlord  
  45  3:40  Drone  
  46  3:41  Queen, Drone  
  46  3:42  Drone  
  46  3:43  Drone  
  46  3:45  Drone  
  46  3:47  Drone  
  53  3:51  Overlord  
  53  3:53  Zergling x4  
  53  3:54  Drone  
  56  3:55  Drone  
  56  4:02  Queen  
  57  4:03  Drone  
  57  4:04  Drone  
  57  4:08  Drone  
  62  4:10  Zergling x2  
  62  4:12  Overlord  
  62  4:13  Drone x2  
  65  4:18  Spore Crawler  
  65  4:19  Queen  
  65  4:22  Overlord  
  66  4:24  Drone x2  
  66  4:27  Overlord  
  69  4:31  Spore Crawler, Drone  
  69  4:33  Zergling x4  
  69  4:35  Drone x2  
  72  4:39  Extractor  
  72  4:40  Evolution Chamber  
  72  4:42  Zergling x2  
  72  4:43  Evolution Chamber  
  72  4:44  Drone x2  
  72  4:49  Zergling x4  
  72  4:52  Drone x3  
  77  4:54  Drone x2  
  77  4:58  Drone x2  
  81  5:02  Drone x2  
  81  5:03  Drone  
  81  5:05  Queen  
  80  5:08  Drone  
  80  5:09  Drone  
  81  5:15  Zergling x4  
  81  5:16  Queen  
  81  5:18  Drone  
  81  5:19  Drone x3  
  89  5:26  Zerg Melee Weapons Level 1, Zerg Ground Armor Level 1  
  89  5:29  Overlord  
  89  5:32  Extractor  
  89  5:34  Extractor  
  89  5:35  Lair  
  87  5:37  Baneling Nest  
  87  5:38  Drone  
  87  5:40  Overlord, Drone  
  87  5:41  Drone x2  
  90  5:46  Hatchery  
  90  5:48  Drone  
  90  5:49  Drone  
  91  5:50  Overlord  
  91  5:52  Drone  
  91  5:54  Drone x2  
  94  5:57  Overlord  
  94  5:58  Zergling x4  
  94  6:01  Zergling x4  
  98  6:05  Zergling x6  
  101  6:14  Hatchery  
  101  6:16  Drone x5  
  101  6:18  Zergling x6  
  107  6:23  Zergling x2  
  109  6:26  Zergling x6  
  109  6:30  Zergling x6  
  109  6:32  Centrifical Hooks  
  115  6:34  Overseer  
  115  6:37  Overlord  
  115  6:38  Pneumatized Carapace  
  115  6:40  Overlord  
  115  6:41  Zergling x4  
  115  6:42  Baneling x7  
  115  6:43  Baneling x2  
  117  6:47  Zergling x6  
  117  6:52  Zergling x4  
  122  6:55  Overlord x2  
  122  6:56  Overlord x2  
  122  7:03  Drone  
  122  7:04  Spine Crawler, Queen, Baneling x6  
  122  7:06  Spore Crawler  
  122  7:07  Overseer  
  123  7:09  Spore Crawler, Drone  
  123  7:11  Drone  
  123  7:12  Drone x2  
  123  7:13  Drone  
  123  7:15  Drone x2  
  129  7:16  Drone  
  129  7:19  Drone, Extractor  
  129  7:20  Hydralisk Den, Drone  
  130  7:26  Zerg Melee Weapons Level 2  
  125  7:42  Zergling x30  
  121  7:50  Zergling x12  
  124  7:54  Zergling x10  
  125  7:59  Zergling x6  
  125  8:03  Baneling x8  
  120  8:11  Muscular Augments  
  120  8:12  Baneling x4  
  120  8:13  Drone x2  
  120  8:17  Zerg Ground Armor Level 2  
  120  8:18  Hatchery, Zergling x12, Baneling x2  
  127  8:25  Zergling x4  
  129  8:32  Drone x4  
  129  8:33  Drone  
  134  8:37  Overlord  
  134  8:40  Zergling x20  
  139  8:45  Zergling x4  
  139  8:47  Baneling x5  
  141  8:53  Baneling x3  
  141  8:54  Zergling x10  
  146  9:04  Hydralisk x6  
  146  9:05  Zergling x2  
  146  9:06  Zergling x16  
  146  9:09  Spore Crawler  
  166  9:10  Spine Crawler  
  166  9:16  Drone x5  
  163  9:22  Grooved Spines  
  163  9:27  Baneling x3  
  163  9:29  Drone x3  
  163  9:30  Drone x2  
  161  9:35  Zergling x6, Hydralisk x2  
  161  9:36  Zergling x10  
  172  9:38  Infestation Pit  
  172  9:42  Spore Crawler  
  172  9:43  Baneling x10  
  171  9:48  Zergling x14  
  178  9:54  Overseer  
  178  9:55  Baneling x5  
  173  10:02  Zergling x24  
  163  10:08  Zergling x16  
  163  10:10  Queen  
  168  10:17  Hive  
  165  10:21  Drone x6  
  165  10:22  Drone  
  165  10:23  Drone  
  165  10:28  Overseer  
  173  10:29  Drone x3, Extractor  
  173  10:30  Drone  
  173  10:31  Baneling x9  
  173  10:32  Baneling  
  176  10:44  Hydralisk x3  
  176  10:45  Zergling x10  
  187  10:53  Overlord x2  
  187  10:56  Overlord  
  173  11:07  Zergling x14  
  173  11:08  Zergling x12  
  186  11:15  Burrow  
  186  11:21  Baneling x6  
  186  11:22  Zergling x6  
  186  11:23  Zergling x22  
  199  11:31  Zerg Melee Weapons Level 3, Zerg Ground Armor Level 3  
  198  11:34  Zergling x4  
  196  11:41  Adrenal Glands  
  196  11:46  Drone x3, Extractor  
  198  11:49  Zergling x2  
  198  11:50  Zergling x2  
  197  11:55  Baneling x9  
  197  11:56  Hatchery  
  197  11:58  Zergling x14  
  200  12:07  Overseer  
  197  12:12  Zergling x24  
  193  12:23  Zergling x2  
  193  12:24  Zergling x12  
  193  12:25  Baneling x5  
  193  12:26  Baneling x4  
  179  12:44  Zergling x14  
  179  12:45  Zergling x16  
  189  12:52  Baneling x9  
  186  12:59  Zergling x26  
  181  13:11  Zergling x32  
  192  13:16  Viper x2  
  193  13:23  Zergling x14  
  199  13:31  Baneling x16  
  199  13:36  Baneling x3  
  199  13:37  Zergling x2  
  199  13:41  Baneling x8  
  200  13:46  Extractor  
  199  13:50  Ultralisk Cavern, Drone, Baneling x2  
  199  13:53  Drone  
  198  14:04  Spine Crawler, Spore Crawler  
  198  14:09  Zergling x14  
  174  14:21  Zergling x44  
  179  14:26  Drone x2  
  179  14:27  Spire  
  171  14:33  Hydralisk x3  
  171  14:34  Zergling x20  
  176  14:42  Chitinous Plating  
  176  14:45  Zergling x32  
  180  14:47  Baneling x12  
  180  14:52  Overlord  
  179  14:53  Baneling x2  
  179  14:56  Overlord  
  179  14:59  Zergling x30, Hatchery  
  189  15:02  Baneling x8  
  181  15:08  Drone x5  
  181  15:10  Drone x2  
  181  15:13  Zergling x8  
  181  15:14  Spore Crawler, Overseer  
  181  15:22  Drone x4  
  181  15:24  Zergling x26  
  198  15:29  Baneling x8  
  198  15:33  Overseer  
  198  15:38  Baneling x8  
  198  15:39  Zergling x4  
  198  15:41  Zerg Flyer Weapons Level 1  
  183  15:54  Zergling x4  
  183  15:55  Zergling x40  
  169  16:00  Zergling x8  
  169  16:01  Anabolic Synthesis  
  170  16:04  Baneling  
  170  16:05  Baneling x7  
  170  16:07  Zergling x12  
  175  16:13  Zergling x12  
  173  16:20  Overseer  
  173  16:23  Baneling x6  
  168  16:26  Zergling x14  
  168  16:32  Zergling x12  
  177  16:43  Baneling x4  
  176  16:52  Zergling x38  
  186  16:58  Zergling x8  
  186  16:59  Zergling x4  
  178  17:15  Zergling x24  
  159  17:20  Baneling x16  
  159  17:29  Zergling x14  
  166  17:36  Hatchery  
  162  17:39  Drone x8  
  162  17:41  Zergling x24  
  173  17:45  Baneling  
  173  17:46  Baneling x7  
  171  17:55  Zergling x20  
  175  18:10  Zerg Missile Weapons Level 1, Lurker Den  
  175  18:11  Drone x3, Extractor  
  176  18:13  Baneling x6  
  176  18:16  Zergling x16  
  176  18:29  Overlord, Baneling x2  
  176  18:30  Zergling x10  
  169  18:35  Baneling x10  
  156  18:41  Zergling x16  
  156  18:42  Zergling x4  
  160  19:01  Baneling x4  
  144  19:04  Baneling  
  144  19:05  Baneling x3  
  144  19:07  Seismic Spines  
  144  19:09  Baneling x2  
  144  19:14  Lurker x7  
  151  19:17  Overseer  
  151  19:23  Hydralisk x6, Baneling x5  
  161  19:25  Hydralisk x4  
  171  19:48  Zergling x12  
  168  19:59  Zergling x28  
  177  20:01  Hatchery  
  177  20:04  Adaptive Talons  
  177  20:05  Lurker x3  
  170  20:20  Zergling x2  
  170  20:21  Zergling x24  
  170  20:23  Lurker x2  
  170  20:24  Zergling x2  
  169  20:39  Hatchery  
  169  20:40  Baneling x2  
  169  20:41  Baneling x2  
  165  20:47  Zergling x18  
  135  21:05  Zergling x24  
  126  21:14  Lurker x2  
  126  21:15  Lurker  
  116  21:21  Hydralisk  
  116  21:22  Zergling x6, Hydralisk  
  119  21:29  Baneling x7  
  119  21:31  Baneling x5  
  116  21:37  Baneling x3  
  116  21:40  Baneling x2  
  116  21:42  Zergling x10  
  108  22:04  Zergling x16  
  108  22:08  Hydralisk x2  
  116  22:14  Overlord x2  
  103  22:23  Lurker x2  
Show
View Real Time Build Order
Export as new Build Order

LiquidClem Terran - Winner!

Build Orders: Liberator Opening, Reaper Expand 

Get SALT Encoding   

  12  0:00  SCV  
  13  0:12  SCV  
  14  0:17  Supply Depot  
  14  0:24  SCV  
  15  0:38  SCV  
  15  0:40  Barracks  
  16  0:43  Refinery  
  16  0:50  SCV  
  17  1:02  SCV  
  18  1:14  SCV  
  19  1:27  Reaper, Orbital Command  
  20  1:39  Command Center  
  20  1:46  Supply Depot  
  20  1:52  SCV  
  21  1:58  Marine  
  22  2:04  SCV  
  23  2:09  Factory  
  23  2:16  SCV, Refinery  
  23  2:20  Barracks Reactor  
  24  2:28  SCV  
  25  2:41  SCV  
  26  2:51  Orbital Command  
  26  2:53  SCV  
  26  2:56  Starport  
  27  3:02  Hellion x2  
  27  3:03  Marine  
  27  3:05  SCV  
  33  3:17  SCV  
  33  3:18  SCV  
  35  3:24  Hellion x2  
  35  3:25  Supply Depot  
  39  3:29  SCV  
  39  3:32  Liberator  
  39  3:33  SCV  
  44  3:40  Armory  
  44  3:47  Hellion  
  46  3:50  Hellion, Supply Depot  
  46  3:52  SCV  
  46  3:54  SCV  
  46  3:55  Barracks Tech Lab  
  50  4:04  SCV  
  50  4:06  SCV  
  50  4:09  Hellion  
  54  4:12  Hellion  
  54  4:13  Supply Depot  
  54  4:16  SCV  
  57  4:17  Stimpack  
  57  4:18  SCV  
  57  4:19  Starport Reactor  
  58  4:28  SCV  
  59  4:35  Command Center  
  59  4:37  SCV  
  60  4:38  Marine  
  60  4:42  Barracks  
  60  4:44  SCV  
  62  4:45  Factory Tech Lab  
  62  4:52  SCV  
  63  4:56  Marine  
  63  4:57  SCV  
  63  5:01  Engineering Bay  
  63  5:03  Engineering Bay  
  63  5:04  SCV  
  63  5:06  Hellion x6  
  61  5:08  Barracks  
  61  5:13  Refinery  
  59  5:14  Marine  
  59  5:15  Starport Reactor, Siege Tank  
  59  5:17  Drilling Claws  
  59  5:18  Refinery  
  59  5:20  SCV x2  
  65  5:27  Factory  
  65  5:31  Barracks Reactor  
  65  5:32  SCV, Marine  
  65  5:34  SCV  
  68  5:40  Supply Depot  
  68  5:44  SCV, Terran Infantry Weapons Level 1  
  68  5:46  SCV  
  68  5:47  Orbital Command  
  70  5:50  Widow Mine  
  70  5:51  Marine  
  70  5:55  Terran Infantry Armor Level 1  
  70  5:56  Supply Depot  
  73  5:57  Marine x2  
  73  5:58  SCV  
  73  6:03  SCV  
  77  6:07  Orbital Command, Marine  
  77  6:10  SCV, Marine x2  
  77  6:11  Widow Mine x2  
  85  6:13  Medivac  
  85  6:17  Supply Depot, Medivac  
  89  6:19  SCV  
  89  6:21  Marine  
  89  6:22  Marine  
  89  6:24  SCV  
  93  6:28  Marine  
  93  6:29  Supply Depot  
  93  6:31  SCV  
  93  6:32  Widow Mine  
  97  6:33  SCV  
  97  6:36  SCV  
  97  6:38  Supply Depot  
  97  6:39  Widow Mine  
  103  6:40  Widow Mine  
  103  6:42  Marine x2  
  103  6:44  Combat Shield  
  103  6:45  Marine  
  103  6:46  SCV  
  107  6:47  Marine  
  107  6:50  SCV  
  107  6:52  SCV, Supply Depot  
  107  6:53  Marine  
  111  6:56  Hellion x4  
  111  6:57  Hellion x2, Widow Mine  
  111  6:58  SCV  
  111  7:00  Widow Mine  
  116  7:07  Supply Depot, Barracks x2  
  116  7:08  SCV, Refinery  
  117  7:10  SCV  
  117  7:11  Marine  
  119  7:16  Supply Depot  
  119  7:17  Widow Mine  
  119  7:19  Marine x2  
  119  7:21  Medivac x2  
  127  7:24  Widow Mine  
  127  7:25  Supply Depot, Marine x2  
  127  7:26  SCV x2  
  127  7:29  SCV  
  134  7:33  Orbital Command  
  123  7:44  Widow Mine  
  123  7:49  Marine  
  123  7:50  SCV  
  123  7:51  SCV, Medivac  
  120  7:55  Marine x2  
  120  7:57  Widow Mine  
  118  8:00  Medivac, Widow Mine  
  118  8:01  SCV, Marine  
  118  8:02  SCV, Marine  
  120  8:07  Terran Infantry Weapons Level 2  
  120  8:08  SCV  
  120  8:10  Command Center  
  111  8:13  Barracks Reactor x2  
  111  8:15  Marine x2, Widow Mine  
  111  8:16  SCV, Marine  
  111  8:19  SCV, Marine  
  119  8:20  Medivac  
  119  8:21  Marine  
  119  8:23  Supply Depot  
  119  8:25  SCV  
  123  8:28  Widow Mine x2  
  123  8:30  Supply Depot  
  123  8:33  Supply Depot, Marine  
  126  8:35  Terran Infantry Armor Level 2  
  126  8:38  Widow Mine  
  126  8:39  Marine x2  
  126  8:40  Marine  
  129  8:42  Terran Vehicle And Ship Armor Level 1  
  129  8:43  Marauder  
  131  8:48  Medivac  
  131  8:50  Widow Mine  
  131  8:51  Marine  
  131  8:52  Medivac  
  131  8:54  Widow Mine  
  131  8:55  Marine  
  140  8:56  Supply Depot  
  140  9:00  Marine x2  
  140  9:01  Refinery, Marine x4  
  147  9:03  SCV  
  147  9:05  Marauder  
  147  9:06  SCV  
  147  9:08  Widow Mine  
  147  9:09  Marine  
  154  9:13  Marine  
  153  9:18  Marine  
  153  9:21  Barracks  
  153  9:22  Barracks x2  
  153  9:24  SCV  
  155  9:25  Marine x3  
  155  9:26  Marauder  
  155  9:28  SCV  
  155  9:29  SCV, Marine x2  
  163  9:34  Supply Depot, Marine x2, Sensor Tower  
  163  9:36  Widow Mine  
  163  9:37  Marine  
  166  9:43  Marine x2  
  168  9:48  Planetary Fortress  
  166  9:53  SCV, Supply Depot  
  166  9:55  Widow Mine x2  
  166  9:57  Medivac x2, Marine  
  166  9:58  Marine  
  166  9:59  SCV, Marine  
  172  10:06  Marauder  
  146  10:09  SCV, Marine  
  146  10:10  Marine  
  146  10:14  SCV  
  129  10:16  SCV, Siege Tank  
  133  10:22  Marine  
  133  10:23  Widow Mine, Marine  
  133  10:27  SCV, Marauder  
  138  10:30  Widow Mine  
  138  10:32  SCV  
  138  10:33  SCV x2  
  143  10:37  Marine x5  
  143  10:40  Barracks Tech Lab x3  
  148  10:47  SCV x4  
  148  10:48  Marauder  
  154  10:51  Siege Tank  
  154  10:54  Marine  
  154  10:55  Marine x2  
  160  10:59  SCV, Terran Infantry Weapons Level 3  
  160  11:01  SCV x2  
  160  11:02  SCV  
  164  11:08  Supply Depot  
  164  11:09  Marauder x2  
  164  11:10  Marauder  
  170  11:12  Widow Mine x2  
  170  11:13  Medivac x2  
  178  11:19  Marine x2  
  178  11:21  Marine x2  
  178  11:24  Widow Mine  
  178  11:31  Command Center  
  178  11:33  Widow Mine  
  178  11:35  Terran Infantry Armor Level 3  
  179  11:40  Widow Mine  
  179  11:43  Medivac  
  179  11:46  Supply Depot  
  181  11:48  Marauder x2  
  181  11:49  Armory  
  181  11:50  Marine  
  181  11:53  Marine x2, Widow Mine  
  181  11:54  Marauder  
  192  11:56  SCV  
  192  11:57  SCV  
  192  11:59  Marine x2  
  192  12:00  SCV  
  192  12:01  Widow Mine  
  189  12:02  Widow Mine  
  189  12:05  Marauder  
  191  12:13  Marauder x2  
  191  12:15  SCV x2, Marauder, Widow Mine  
  195  12:16  SCV x2, Marine x3  
  195  12:17  Marine  
  200  12:28  Command Center  
  200  12:35  Marauder  
  167  12:37  Marauder  
  167  12:40  Marauder x2  
  167  12:41  Widow Mine, Siege Tank  
  167  12:42  Medivac x2, Marine  
  175  12:45  Marine x2  
  175  12:48  Concussive Shells  
  175  12:49  Marine  
  174  12:53  Widow Mine  
  174  12:56  Marauder, Marine  
  178  12:58  Marauder  
  178  13:01  Marauder x2, Marine x2  
  178  13:04  Widow Mine  
  181  13:05  Marine  
  181  13:06  Marine x2  
  181  13:10  Marine  
  183  13:14  Widow Mine  
  183  13:18  Marauder  
  186  13:20  Widow Mine  
  186  13:21  Marine x2  
  186  13:24  Liberator x2  
  186  13:25  Widow Mine  
  189  13:28  Planetary Fortress  
  189  13:31  Marauder  
  189  13:35  Marine  
  189  13:36  Marauder  
  189  13:38  Marauder  
  189  13:41  Orbital Command  
  194  13:46  Marine x2  
  194  13:47  Refinery  
  196  13:51  Widow Mine  
  196  13:54  Marauder  
  200  14:05  Ghost Academy  
  200  14:12  Widow Mine, Marine  
  200  14:13  Marine  
  200  14:14  Medivac  
  200  14:16  Marauder, Widow Mine  
  185  14:20  Marauder, Widow Mine  
  185  14:21  Marine  
  185  14:22  Marauder, Marine x2  
  185  14:23  Marauder, Marine  
  176  14:24  Liberator  
  176  14:29  Marine  
  179  14:33  Widow Mine  
  179  14:37  Marauder, Widow Mine  
  169  14:38  Marine  
  169  14:41  Widow Mine  
  169  14:42  Marauder  
  169  14:44  Medivac  
  166  14:49  Command Center  
  166  14:54  Widow Mine  
  166  14:56  Marine x4  
  166  14:58  Widow Mine  
  166  14:59  Marine x2  
  170  15:00  Marine  
  170  15:03  Marine, Widow Mine  
  170  15:04  Marauder, Marine x2  
  173  15:07  Medivac  
  173  15:08  Marauder  
  173  15:13  Marine  
  173  15:14  Medivac, Marine x3  
  175  15:16  Widow Mine  
  180  15:21  Missile Turret  
  180  15:22  Marauder x2  
  180  15:23  Sensor Tower  
  180  15:24  Widow Mine  
  180  15:25  Marauder, Widow Mine  
  186  15:29  Marauder  
  186  15:30  Marine x3  
  186  15:32  Marine  
  192  15:37  Widow Mine  
  192  15:41  Medivac  
  192  15:42  Marine x2  
  198  15:43  Marauder  
  199  15:52  Marauder, Marine x2  
  199  15:54  Marauder, Widow Mine, Marine  
  199  15:55  Medivac  
  191  15:57  Marine  
  191  15:58  Widow Mine  
  191  16:03  Marauder  
  194  16:04  Widow Mine  
  194  16:05  Marauder  
  194  16:06  Marine x2  
  137  16:11  Medivac  
  197  16:13  Marauder  
  197  16:15  Widow Mine  
  197  16:16  Marauder  
  193  16:18  Marine  
  193  16:20  Marine x3  
  193  16:25  Medivac, Marauder, Widow Mine  
  196  16:27  Planetary Fortress  
  196  16:34  Marauder, Widow Mine  
  200  16:40  Terran Vehicle And Ship Armor Level 2  
  200  16:47  Command Center  
  200  16:48  Marine  
  200  16:51  Widow Mine  
  200  16:53  Marauder, Marine  
  192  16:59  Widow Mine x2  
  192  17:00  Marauder  
  188  17:11  Marauder, Marine x2  
  188  17:12  Marine x3  
  188  17:13  Marine x4  
  188  17:14  Marine  
  170  17:21  Marine  
  170  17:22  Widow Mine  
  173  17:26  Widow Mine  
  173  17:29  Marine x3  
  177  17:30  Marine x2  
  177  17:32  Marauder x2  
  177  17:35  Widow Mine  
  186  17:40  Marauder  
  186  17:42  Marine x3  
  186  17:43  Marauder, Widow Mine  
  193  17:47  Marine x2, Widow Mine  
  197  17:52  Marine x2  
  197  17:53  Marauder, Marine  
  200  18:01  Marauder  
  200  18:04  Command Center  
  198  18:17  Marauder, Command Center  
  200  18:21  Missile Turret  
  200  18:22  Sensor Tower  
  196  18:36  Medivac  
  196  18:37  Medivac  
  196  18:39  Widow Mine, Marine  
  196  18:40  Marauder  
  195  18:42  Marine  
  195  18:43  Planetary Fortress  
  195  18:44  Marine x2  
  195  18:46  Widow Mine  
  200  18:51  Marauder  
  200  18:52  Command Center  
  200  18:54  Marine  
  200  18:57  Marine x2  
  200  18:58  Marauder  
  200  18:59  Marine x2  
  200  19:19  Terran Vehicle And Ship Armor Level 3  
  200  19:29  Fusion Core, Starport x2  
  200  19:42  Enhanced Shockwaves  
  200  19:44  Missile Turret  
  200  19:46  Missile Turret  
  200  19:51  Ghost  
  200  19:52  Ghost  
  200  19:55  Ghost  
  200  19:57  Ghost  
  183  20:00  Medivac  
  183  20:01  Medivac  
  183  20:06  Starport Reactor  
  183  20:08  SCV x2, Refinery  
  183  20:09  Refinery  
  183  20:10  Refinery x2  
  183  20:12  Marine  
  187  20:14  Widow Mine  
  187  20:15  Marine  
  187  20:17  SCV  
  188  20:21  Widow Mine  
  188  20:24  Marine  
  188  20:25  Widow Mine, Marine x3  
  188  20:26  Marine x2  
  188  20:28  Refinery x2  
  195  20:29  Orbital Command  
  195  20:32  Marauder  
  197  20:39  Orbital Command  
  197  20:41  Ghost  
  194  20:47  Marauder, Marine  
  194  20:48  Marauder  
  195  20:52  Marine  
  195  20:54  Marauder  
  180  21:06  Widow Mine  
  180  21:08  Marauder  
  180  21:09  Marauder, Widow Mine  
  180  21:10  Medivac  
  180  21:11  Marauder  
  174  21:12  Marine x2  
  174  21:15  Marauder, Marine x2  
  174  21:16  Marine x3  
  174  21:17  Marine  
  182  21:20  Missile Turret  
  182  21:23  Medivac  
  184  21:29  Marine, Widow Mine  
  184  21:30  Marauder x2, Marine  
  184  21:32  Refinery, Marauder  
  194  21:33  Marine x2  
  194  21:34  Marine x2  
  194  21:37  Refinery, Marauder  
  199  21:42  Marine  
  200  21:56  Missile Turret  
  200  21:58  Orbital Command  
  194  22:05  SCV  
  194  22:06  SCV, Marauder  
  194  22:07  SCV  
  194  22:08  SCV  
  192  22:09  SCV  
  192  22:11  Marauder  
  192  22:13  SCV  
  192  22:14  Marine  
  192  22:15  SCV  
  198  22:22  Missile Turret  
  199  22:34  Command Center  
  199  22:35  Refinery  
Tags
 
Add a new tag
Caveats
  • Supply blocks, unpowered buildings, or Contaminate may cause inaccurate times.
  • Supply counts are checked every 10 seconds.